 Dungeon Crawl Stone Soup version 0.30-a0-335-ge5acde7520 (webtiles) character file.

Game seed: 2981003359654615509

2 12572944 the Caller (level 1, -2/7 HPs)
             Began as a Felid Summoner on Oct 30, 2022.
             Slain by a kobold
             ... wielding a +0 short sword
              (5 damage)
             ... on level 1 of the Dungeon.
             The game lasted 00:01:14 (48 turns).

12572944 the Caller (Felid Summoner)                  Turns: 48, Time: 00:01:14

Health: -2/7       AC:  1    Str:  4    XL:     1   Next: 33%
Magic:  0/4        EV: 17    Int: 16    God:
Gold:   0          SH:  0    Dex: 16    Spells: 3/4 levels left
                                        Lives:  0   Deaths: 0

rFire   . . .      SeeInvis +    (weapon unavailable)
rCold   . . .      Faith    .    (shield unavailable)
rNeg    . . .      Spirit   .    (body armour unavailable)
rPois   .          Reflect  .    (helmet unavailable)
rElec   .          Harm     .    (cloak unavailable)
rCorr   .          Rampage  .    (gloves unavailable)
Will    .....                    (boots unavailable)
Stlth   ++........               (no amulet)
HPRegen 0.21/turn                (no ring)
MPRegen 0.09/turn                (no ring)

@: quick
A: very small, claws 1, fangs 3, see invisible, speed 1, shaggy fur 1, stealthy
paws, no weapons or thrown items, no armour, multi-lived
a: no special abilities


You were on level 1 of the Dungeon.
You visited 1 branch of the dungeon, and saw 1 of its levels.

Inventory:

Potions
 a - a potion of magic


   Skills:
 - Level 2.6 Dodging
 - Level 2.6 Stealth
 + Level 2.1 Spellcasting
 + Level 4.0 Summonings


You had 3 spell levels left.
You knew the following spells:

 Your Spells              Type           Power      Damage    Failure   Level
a - Summon Small Mammal   Summ           56%        N/A       3%          1

Your spell library contained the following spells:

 Spells                   Type           Power      Damage    Failure   Level
 Call Imp                 Summ           14%        N/A       6%          2
 Call Canine Familiar     Summ           14%        N/A       12%         3
 Summon Guardian Golem    Hex/Summ       8%         N/A       26%         3
 Summon Lightning Spire   Summ/Air       8%         N/A       65%         4


Dungeon Overview and Level Annotations

Branches:
Dungeon (1/15)

Altars:


Innate Abilities, Weirdness & Mutations

You have sharp claws.
You have razor-sharp teeth.
You have supernaturally acute eyesight. (SInv)
You cover ground quickly. (Speed+)
You are covered in fur. (AC +1)
Your paws help you pounce on unaware monsters.
You are incapable of wielding weapons or throwing items.
You cannot wear armour.
You gain extra lives every three experience levels.


Message History

You scratch the giant cockroach but do no damage.
Your bat barely misses the giant cockroach.
Your bat hits the plant. x2; The kobold throws a stone.
The stone closely misses your bat. The stone hits you.
The giant cockroach barely misses you.
Your bat hits the plant. You scratch the giant cockroach.
The giant cockroach is heavily wounded.
Your bat hits the giant cockroach but does no damage.
Your bat hits the plant.
Your bat closely misses the giant cockroach.
Your bat hits the plant. The kobold barely misses your bat.
The giant cockroach bites you.
* * * LOW HITPOINT WARNING * * *
Your bat hits the plant.
You scratch the giant cockroach but do no damage.
The giant cockroach is heavily wounded.
A nearby plant withers and dies. x2; Your bat hits the plant. x2
Your bat hits the giant cockroach but does no damage.
The kobold hits your bat with a +0 short sword.
Your bat dies!
Your bat's corpse disappears in a puff of smoke!
The giant cockroach completely misses you.
Your bat hits the giant cockroach but does no damage.
You closely miss the giant cockroach.
The giant cockroach is heavily wounded.
A nearby plant withers and dies. x2; The giant cockroach closely misses you.
The kobold throws a stone.
The stone closely misses you.
The stone hits the giant cockroach.
Your bat hits the giant cockroach but does no damage.
You scratch the giant cockroach.
You kill the giant cockroach!
Your bat closely misses the kobold.
You are too injured to fight recklessly!
You are too injured to fight recklessly!
Casting: Summon Small Mammal (safe; 3% risk of failure)
Confirm with . or Enter, or press ? or * to list all spells.
Your bat completely misses the kobold.
The kobold hits you with a +0 short sword.
Ouch! That really hurt!
You die...

#P.P#######)
#P.P# #.†.#
#...# #...#
#P..# #P..#


#PKP# #.@.# #rbP# #..P# #P.P# #P.P# #P.P# #P.P# #...# ##... You could see a
kobold (ally target), a friendly bat (summoned) and a friendly rat (summoned).

Vanquished Creatures
  A giant cockroach (D:1)
1 creature vanquished.

Vanquished Creatures (collateral kills)
  A jackal (D:1)
1 creature vanquished.

Vanquished Creatures (others)
  12 plants (D:1)
12 creatures vanquished.

Grand Total: 14 creatures vanquished

Notes
Turn   | Place    | Note
-------+----------+-------------------------------------------
     0 | D:1      | 12572944 the Felid Summoner began the quest for the Orb.
     0 | D:1      | Reached XP level 1. HP: 7/7 MP: 4/4
    48 | D:1      | Slain by a kobold

Illustrated notes

Levels and vault maps discovered:
D:1:      eino_arrival_tree_alley, layout_basic, serial_forest,
          infiniplex_forest_lined_corner, infiniplex_forest_split,
          infiniplex_forest_lined_1, infiniplex_forest_lined_2,
          infiniplex_forest_side_room, infiniplex_forest_end_1,
          infiniplex_forest_lined_2, serial_shops, shop, grunt_decor_one_mirror,
          minmay_worlds_worst_comb

Action                   || total
-------------------------++-------
Melee: Unarmed           ||     7
 Cast: Summon Small Mamm ||     6
Dodge: Dodged            ||    10

Table legend: (Time is in decaauts)
 A = Elapsed time spent in this place.
 B = Non-inter-level travel time spent in this place.
 C = Inter-level travel time spent in this place.
 D = Time resting spent in this place.
 E = Time spent auto-exploring this place.
 F = Levels seen in this place.
 G = Mean time per level.
                   A        B        C        D        E       F      G
               +--------+--------+--------+--------+--------+-----+--------+
         Total |     43 |     43 |      0 |      0 |      7 |   1 |   43.0 |
       Dungeon |     43 |     43 |      0 |      0 |      7 |   1 |   43.0 |
               +--------+--------+--------+--------+--------+-----+--------+

Top non-repeatable levels by time:
     D:1: 43 daAuts
